[Event "December 12 Early 2023"]
[Site "https://www.chess.com"]
[Date "2023.12.12"]
[Round "3"]
[White "Bettalli, Francesco"]
[Black "Dragnev, Valentin"]
[Result "1/2-1/2"]
[Board "54"]
[TimeControl "180+1"]
[WhiteFideId "2816453"]
[BlackFideId "1634852"]
[WhiteElo "2579"]
[BlackElo "2801"]
[WhiteTeam "ITA"]
[BlackTeam "AUT"]
[WhiteClock "0:00:26"]
[BlackClock "0:00:03"]

1. e4 c6 2. d4 d5 3. e5 Bf5 4. Nc3 e6 5. g4 Bg6 6. Nge2 c5 7. h4 h5 8. Nf4 Bh7 9. Nxh5 Nc6 10. Bb5 cxd4 11. Qxd4 Ne7 12. Bg5 Qc7 13. O-O-O a6 14. Ba4 b5 15. Bxb5 axb5 16. Nxb5 Qa5 17. Qc5 Rb8 18. Nd6+ Kd7 19. Qxa5 Nxa5 20. Nxf7 Rg8 21. Nd6 Nec6 22. f4 Bxd6 23. exd6 Nb4 24. a3 Na2+ 25. Kd2 Rxb2 26. f5 exf5 27. Rb1 Rgb8 28. Rxb2 Rxb2 29. gxf5 Nc4+ 30. Ke2 Rxc2+ 31. Kf3 Bxf5 32. Nxg7 Be4+ 33. Kg4 Bxh1 34. h5 Ne5+ 35. Kf5 Nf7 36. Bf4 Rf2 37. Ne6 Be4+ 38. Kf6 Nd8 39. Nc5+ Kc6 40. Ke5 Kxc5 41. Be3+ Kc6 42. Bxf2 Nf7+ 43. Ke6 Nxd6 44. h6 Nc1 45. Bg3 Nc4 46. Bf2 Nd3 47. Bd4 Nxa3 48. Kf6 Nb5 49. Ba1 d4 50. Bxd4 Nxd4 51. Kg7 Kd5 52. h7 Ne6+ 53. Kg8 Ne5 54. h8=Q Nc6 55. Qh5+ Kd6 56. Qh2+ Kd7 57. Qd2+ Ke7 58. Qh6 Bd5 59. Kh8 Ncd8 60. Qh4+ Kd6 61. Qg3+ Kd7 62. Qf2 Kd6 63. Qb6+ Kd7 64. Qa7+ Ke8 65. Qa4+ Ke7 66. Qb4+ Kf6 67. Qh4+ Kg6 68. Qg4+ Ng5 69. Qg3 Nf7+ 70. Kg8 Nd6+ 71. Kh8 Nf5 72. Qd6+ Be6 73. Qg3 Kf6 74. Qe5+ Ke7 75. Qf6+ Kxf6 1/2-1/2

[Event "December 12 Early 2023"]
[Site "https://www.chess.com"]
[Date "2023.12.12"]
[Round "3"]
[White "Khripachenko, Alexander"]
[Black "Andreev, Konstantin"]
[Result "1-0"]
[Board "55"]
[TimeControl "180+1"]
[WhiteFideId "54184975"]
[BlackFideId "24239305"]
[WhiteElo "2799"]
[BlackElo "2564"]
[WhiteTeam "FID"]
[BlackTeam "ITA"]
[WhiteClock "0:00:06"]
[BlackClock "0:00:32"]

1. e4 c5 2. Nf3 e6 3. d4 cxd4 4. Nxd4 Nc6 5. Nc3 Qc7 6. Be3 a6 7. Qf3 Nf6 8. O-O-O b5 9. Nxc6 Qxc6 10. e5 Qxf3 11. gxf3 b4 12. Na4 Nd5 13. Bc5 Bb7 14. Rg1 Bc6 15. Bxf8 Rxf8 16. Nc5 g6 17. Bxa6 Ke7 18. Bc4 Nb6 19. Bb3 Bxf3 20. Rd6 Bc6 21. Rgd1 Rfc8 22. f4 Ra7 23. R1d4 Nd5 24. Nd3 f6 25. Bxd5 Bxd5 26. Nxb4 fxe5 27. fxe5 Rc5 28. Nxd5+ exd5 29. a4 Rc4 30. R6xd5 Rcxa4 31. Rxd7+ Ke6 32. Rxa4 Rxd7 33. Re4 Rf7 34. b4 g5 35. b5 Rf2 36. b6 Kd5 37. b7 Rf8 38. Rb4 Rb8 39. Rb5+ Kc4 40. Rb3 Kd5 41. Kd2 Kxe5 42. Ke3 h5 43. Kf3 Rf8+ 44. Kg3 Rb8 45. Rb5+ Kf6 46. Kf3 Ke6 47. Ke4 h4 48. Rb6+ Kd7 49. Kf5 Kc7 50. Rb3 Rf8+ 51. Kxg5 Kb8 52. Kxh4 Rf2 53. h3 Rxc2 54. Kg4 Rg2+ 55. Kf3 Rg1 56. h4 Rh1 57. Kg4 Rg1+ 58. Kh5 Rg2 59. Rb5 Rg1 60. Kh6 Rg2 61. h5 Rg1 62. Kh7 Rg2 63. h6 Rg1 64. Rb6 Rc1 65. Kg7 Rc7+ 66. Kg6 Rc1 67. h7 Rg1+ 68. Kf7 Rh1 69. Kg7 1-0

[Event "December 12 Early 2023"]
[Site "https://www.chess.com"]
[Date "2023.12.12"]
[Round "3"]
[White "Srihari L R"]
[Black "Cordoba Roa, Angel Gabriel"]
[Result "0-1"]
[Board "56"]
[TimeControl "180+1"]
[WhiteFideId "46617116"]
[BlackFideId "3957624"]
[WhiteElo "2746"]
[BlackElo "2560"]
[WhiteTeam "IND"]
[BlackTeam "COL"]
[WhiteClock "0:00:03"]
[BlackClock "0:00:44"]

1. Nf3 Nf6 2. c4 e6 3. Nc3 d5 4. d4 dxc4 5. e3 a6 6. Bxc4 b5 7. Bb3 Bb7 8. O-O Nbd7 9. e4 b4 10. e5 bxc3 11. exf6 Qxf6 12. bxc3 Bd6 13. Re1 O-O 14. Ng5 c5 15. Ne4 Bxe4 16. Rxe4 cxd4 17. Rxd4 Bc5 18. Rxd7 Bxf2+ 19. Kh1 Rad8 20. Ba3 Rxd7 21. Qxd7 Rd8 22. Qc7 Bh4 23. Qc4 h6 24. Rf1 Qg5 25. Qxa6 Rd2 26. Qa8+ Kh7 27. Bc1 Rf2 28. Rg1 Qf5 29. h3 g6 30. Be3 Re2 31. Bd4 e5 32. Bb6 Bg3 33. Qb7 Qxh3+ 0-1

[Event "December 12 Early 2023"]
[Site "https://www.chess.com"]
[Date "2023.12.12"]
[Round "3"]
[White "Silva Lucena, Cristian"]
[Black "Kosteniuk, Alexandra"]
[Result "0-1"]
[Board "57"]
[TimeControl "180+1"]
[WhiteFideId "2232588"]
[BlackFideId "4128125"]
[WhiteElo "2532"]
[BlackElo "2725"]
[WhiteTeam "ESP"]
[BlackTeam "SUI"]
[WhiteClock "0:00:30"]
[BlackClock "0:00:16"]

1. e4 c6 2. d4 d5 3. e5 c5 4. dxc5 e6 5. a3 Bxc5 6. b4 Be7 7. Nf3 f6 8. Bb2 Nc6 9. Nbd2 fxe5 10. Nxe5 Nxe5 11. Bxe5 Nf6 12. Bd3 O-O 13. O-O Bd6 14. Bxd6 Qxd6 15. c4 Bd7 16. cxd5 exd5 17. h3 Rac8 18. Rc1 Rxc1 19. Qxc1 Rc8 20. Qb2 Qf4 21. Nf3 Bxh3 22. Qd4 Qxd4 23. Nxd4 Bd7 24. Bf5 Bxf5 25. Nxf5 Rc7 26. Re1 Rd7 27. Nd4 Kf7 28. f3 Rc7 29. Ne6 Rc8 30. Nd4 a6 31. Re3 g6 32. Nb3 Rc4 33. Nc5 a5 34. Nxb7 Rc1+ 35. Kf2 axb4 36. axb4 Rb1 37. b5 d4 38. Nd6+ Kf8 39. Rd3 Rb2+ 40. Kg1 Rb4 41. b6 Ke7 42. b7 Nd7 43. Nc8+ Kd8 44. Nd6 Kc7 45. Nf7 Kxb7 46. Ng5 Kc6 47. Nxh7 Kd5 48. Nf8 Rb1+ 49. Kh2 Nxf8 0-1

[Event "December 12 Early 2023"]
[Site "https://www.chess.com"]
[Date "2023.12.12"]
[Round "3"]
[White "Kourkoulos-Arditis, Stamatis"]
[Black "Leenhouts, Koen"]
[Result "1-0"]
[Board "58"]
[TimeControl "180+1"]
[WhiteFideId "4221990"]
[BlackFideId "1008439"]
[WhiteElo "2711"]
[BlackElo "2531"]
[WhiteTeam "GRE"]
[BlackTeam "NED"]
[WhiteClock "0:00:08"]
[BlackClock "0:00:07"]

1. e4 e6 2. d4 d5 3. Nd2 c5 4. Ngf3 cxd4 5. Nxd4 Nc6 6. Bb5 Bd7 7. Nxc6 bxc6 8. Bd3 Bd6 9. O-O Ne7 10. Re1 e5 11. exd5 cxd5 12. c4 O-O 13. cxd5 Nxd5 14. Nc4 Bc7 15. Nxe5 Be6 16. Bd2 Qf6 17. Qe2 Nf4 18. Bxf4 Qxf4 19. g3 Qf6 20. Rac1 Bb6 21. Rc2 Rad8 22. Bc4 Rfe8 23. Qf1 h5 24. h4 Bxc4 25. Nxc4 Qg6 26. Rxe8+ Rxe8 27. Rc3 Bd4 28. Rd3 Rd8 29. Kg2 Qc6+ 30. Rf3 Bf6 31. b3 Rd4 32. Qe2 g6 33. Kg1 Kg7 34. Rd3 Rg4 35. Qf3 Qe6 36. Kh2 Bd4 37. Ne3 Bxe3 38. Rxe3 Qb6 39. Kg2 Qd6 40. Re4 Rxe4 41. Qxe4 Qd2 42. a4 a5 43. Qe5+ Kh7 44. Qf4 Qxf4 45. gxf4 Kg7 46. Kf3 Kf6 47. Ke4 Ke6 48. f5+ gxf5+ 49. Kf4 Kf6 50. f3 Kg6 51. Ke5 f4 52. Kxf4 Kf6 53. Ke4 Ke6 54. f4 f6 55. f5+ Kd6 56. Kd4 Kc6 57. Kc4 Kd6 58. b4 axb4 59. Kxb4 Kc6 60. a5 Kb7 61. Kb5 Ka7 62. Kc6 1-0

[Event "December 12 Early 2023"]
[Site "https://www.chess.com"]
[Date "2023.12.12"]
[Round "3"]
[White "Grunberg, Mihai-Lucian"]
[Black "Martinez Ramirez, Lennis"]
[Result "1-0"]
[Board "59"]
[TimeControl "180+1"]
[WhiteFideId "1204149"]
[BlackFideId "3509079"]
[WhiteElo "2473"]
[BlackElo "2699"]
[WhiteTeam "ROU"]
[BlackTeam "CUB"]
[WhiteClock "0:01:28"]
[BlackClock "0:00:59"]

1. Nf3 d5 2. c4 e6 3. g3 Nf6 4. Bg2 Nc6 5. O-O dxc4 6. Qa4 Bd6 7. Qxc4 e5 8. Nc3 a6 9. d4 exd4 10. Nxd4 Nxd4 11. Qxd4 O-O 12. Bg5 h6 13. Bxf6 Qxf6 14. Qxf6 gxf6 15. Nd5 Kg7 16. Rac1 c6 17. Nb6 Rb8 18. Rfd1 Be5 19. Nxc8 Rbxc8 20. b3 Rfd8 21. Bh3 Rb8 22. e3 Kf8 23. Kf1 Ke7 24. Ke2 Bb2 25. Rxd8 Rxd8 26. Rd1 Rxd1 27. Kxd1 a5 28. Kc2 Ba3 29. Kd3 Bb4 30. a4 b5 31. Bf1 Kd6 32. Ke4 bxa4 33. bxa4 Kc5 34. Kd3 Be1 35. Ke2 Bc3 36. Kd3 Kb4 37. Bg2 c5 38. Bd5 Be1 39. f3 Bf2 40. Bxf7 Kxa4 41. e4 Kb4 42. f4 Bg1 43. e5 fxe5 44. fxe5 Bxh2 45. e6 c4+ 46. Kc2 a4 47. e7 a3 48. e8=Q a2 49. Qb8+ Kc5 50. Qa7+ Kd6 51. Bxc4 1-0

[Event "December 12 Early 2023"]
[Site "https://www.chess.com"]
[Date "2023.12.12"]
[Round "3"]
[White "Pakleza, Zbigniew"]
[Black "Lopez Idarraga, Daniel Eduardo"]
[Result "1-0"]
[Board "60"]
[TimeControl "180+1"]
[WhiteFideId "1119290"]
[BlackFideId "4405501"]
[WhiteElo "2690"]
[BlackElo "2459"]
[WhiteTeam "POL"]
[BlackTeam "COL"]
[WhiteClock "0:01:44"]
[BlackClock "0:00:03"]

1. d4 d5 2. Bf4 c5 3. c3 cxd4 4. cxd4 Nc6 5. e3 Nf6 6. Nc3 a6 7. Nf3 Bg4 8. Bd3 e6 9. Qb3 Bxf3 10. gxf3 Qd7 11. Na4 Bb4+ 12. Ke2 Qe7 13. a3 Bd6 14. Bxd6 Qxd6 15. Qxb7 O-O 16. Rac1 Rfc8 17. Nb6 Rcb8 18. Rxc6 1-0

[Event "December 12 Early 2023"]
[Site "https://www.chess.com"]
[Date "2023.12.12"]
[Round "3"]
[White "Rose, Felix"]
[Black "Schnaider, Ilan"]
[Result "0-1"]
[Board "61"]
[TimeControl "180+1"]
[WhiteFideId "5105722"]
[BlackFideId "169013"]
[WhiteElo "2319"]
[BlackElo "2678"]
[WhiteTeam "MEX"]
[BlackTeam "ARG"]
[WhiteClock "0:00:13"]
[BlackClock "0:01:40"]

1. e4 c5 2. Nf3 d6 3. d4 cxd4 4. Nxd4 Nf6 5. Nc3 a6 6. Be3 Ng4 7. Bc1 Nf6 8. f3 e5 9. Nb3 Be7 10. Be3 Be6 11. Qd2 h5 12. O-O-O Nbd7 13. Kb1 Rc8 14. h3 b5 15. Be2 h4 16. f4 b4 17. Nd5 Nxd5 18. exd5 Bf5 19. Bd3 Bxd3 20. Qxd3 a5 21. fxe5 Nxe5 22. Qb5+ Kf8 23. Nxa5 Rb8 24. Qa6 Ra8 25. Qb6 Rxa5 26. Qxb4 Ra8 27. Rhf1 Rb8 28. Qf4 Bf6 29. Bd4 Qa5 30. b3 Ra8 31. a4 Qxd5 32. Bxe5 Qxe5 33. Qf3 Qb2# 0-1

[Event "December 12 Early 2023"]
[Site "https://www.chess.com"]
[Date "2023.12.12"]
[Round "3"]
[White "Vishnu Prasanna. V"]
[Black "Matveeva, Olga"]
[Result "0-1"]
[Board "62"]
[TimeControl "180+1"]
[WhiteFideId "5030692"]
[BlackFideId "24107018"]
[WhiteElo "2672"]
[BlackElo "2404"]
[WhiteTeam "IND"]
[BlackTeam "RUS"]
[WhiteClock "0:00:27"]
[BlackClock "0:01:22"]

1. d4 d5 2. c4 e6 3. Nf3 Nf6 4. g3 Bb4+ 5. Nbd2 Be7 6. Bg2 O-O 7. O-O Nbd7 8. Qc2 c6 9. e4 dxe4 10. Nxe4 Nxe4 11. Qxe4 Nf6 12. Qe2 c5 13. Rd1 cxd4 14. Rxd4 Qa5 15. Bd2 Qb6 16. Bc3 Bd7 17. Ne5 Rad8 18. Rh4 Bc8 19. g4 Nd5 20. g5 Nxc3 21. Qh5 h6 22. gxh6 Bxh4 23. hxg7 Qxf2+ 24. Kh1 Kxg7 25. Bf3 Rd1+ 26. Rxd1 Nxd1 27. Qg4+ Kh8 28. Qh5+ Kg7 29. Qg4+ Kf6 30. Qf4+ Ke7 0-1

[Event "December 12 Early 2023"]
[Site "https://www.chess.com"]
[Date "2023.12.12"]
[Round "3"]
[White "Ambartsumova, Karina"]
[Black "Santos, Rafael Ventura Dos"]
[Result "0-1"]
[Board "63"]
[TimeControl "180+1"]
[WhiteFideId "4166299"]
[BlackFideId "2122227"]
[WhiteElo "2665"]
[BlackElo "2278"]
[WhiteTeam "RUS"]
[BlackTeam "BRA"]
[WhiteClock "0:00:00"]
[BlackClock "0:00:31"]

1. d4 Nf6 2. c4 g6 3. Nc3 Bg7 4. g3 O-O 5. Bg2 d6 6. Nf3 Nbd7 7. O-O e5 8. e4 exd4 9. Nxd4 Re8 10. h3 c6 11. Be3 a5 12. Qc2 Nc5 13. Rad1 Nfd7 14. Rfe1 a4 15. f4 Qa5 16. Bf2 Qb4 17. a3 Qb6 18. g4 Qa5 19. Nf3 Nb6 20. Nb1 Be6 21. Nbd2 Nb3 22. f5 Bc8 23. Nxb3 axb3 24. Qxb3 Na4 25. Rxd6 Nc5 26. Qc2 Qa4 27. Qxa4 Nxa4 28. b3 Bf8 29. Rd2 Nc5 30. Nd4 Rxa3 31. Rb2 Nd3 32. Rd2 Nxe1 33. Bxe1 Bc5 34. Bf2 Rd8 35. Kf1 Ra1+ 36. Ke2 Bb4 37. Rd3 Ra2+ 38. Kf3 Bc5 39. Be3 Rb2 40. h4 Rb1 41. Bh3 Re1 42. Bf2 Rc1 43. g5 Ba7 44. h5 Rb1 45. hxg6 hxg6 46. Be3 Bxd4 47. Bxd4 c5 0-1

[Event "December 12 Early 2023"]
[Site "https://www.chess.com"]
[Date "2023.12.12"]
[Round "3"]
[White "Wadsworth, Matthew J"]
[Black "Durarbayli, Vasif"]
[Result "0-1"]
[Board "64"]
[TimeControl "180+1"]
[WhiteFideId "415804"]
[BlackFideId "13402935"]
[WhiteElo "2660"]
[BlackElo "2907"]
[WhiteTeam "ENG"]
[BlackTeam "AZE"]
[WhiteClock "0:00:25"]
[BlackClock "0:00:50"]

1. e4 c5 2. Nf3 d6 3. Bb5+ Nd7 4. c4 Nf6 5. Nc3 g6 6. O-O Bg7 7. d3 O-O 8. Ba4 Ne5 9. Nxe5 dxe5 10. Be3 b6 11. h3 Bb7 12. a3 Qd6 13. b4 Rfd8 14. Bc2 Nh5 15. bxc5 bxc5 16. Rb1 Bc6 17. Ba4 Nf4 18. Bxc6 Qxc6 19. Nd5 Qd6 20. Rb5 Rac8 21. Bxf4 exf4 22. Qf3 e6 23. Nxf4 Be5 24. g3 Bxf4 25. Qxf4 Qxf4 26. gxf4 Rxd3 27. Ra5 Rc7 28. Kg2 Rd4 29. f3 Rxc4 30. Kg3 Rc2 31. f5 exf5 32. exf5 Kg7 33. fxg6 hxg6 34. Rd1 c4 35. Rdd5 Re2 36. Rac5 Ree7 37. Rxc7 Rxc7 38. Rd2 c3 39. Rc2 Rc4 40. Kf2 Kf6 41. Ke3 Ke5 42. Kd3 Rc8 43. Rxc3 Rxc3+ 44. Kxc3 Kf4 45. Kc4 Kxf3 46. Kb5 f5 47. Ka6 f4 48. Kxa7 Kg3 49. a4 f3 50. a5 f2 51. a6 f1=Q 0-1

[Event "December 12 Early 2023"]
[Site "https://www.chess.com"]
[Date "2023.12.12"]
[Round "3"]
[White "Maksimovic, Bojan"]
[Black "Quirke, Jeffrey"]
[Result "1-0"]
[Board "65"]
[TimeControl "180+1"]
[WhiteFideId "14408120"]
[BlackFideId "2013029"]
[WhiteElo "2905"]
[BlackElo "2162"]
[WhiteTeam "BIH"]
[BlackTeam "USA"]
[WhiteClock "0:00:55"]
[BlackClock "0:00:00"]

1. e4 d6 2. d4 Nf6 3. Nc3 e5 4. Nf3 Nbd7 5. Bc4 Be7 6. O-O O-O 7. Re1 c6 8. a4 a5 9. h3 Nb6 10. Bf1 Nfd7 11. Be3 exd4 12. Nxd4 Nc5 13. Qd2 Bf6 14. b3 Re8 15. Bf4 Be5 16. Rad1 Qe7 17. Nf3 Bxc3 18. Qxc3 Nxe4 19. Rxe4 Qxe4 20. Re1 Qxe1 21. Nxe1 Nd5 22. Qd2 Nxf4 23. Qxd6 Ng6 24. Nd3 Be6 25. Kh2 Bf5 26. Qc5 Bxd3 27. Bxd3 Ne5 28. Bf1 g6 29. Qb6 Re7 30. f4 Nd7 31. Qxb7 Rae8 32. Qxc6 Nf8 33. Bb5 Rd8 34. Qc5 Re1 35. f5 Rdd1 36. Bd3 Rh1+ 37. Kg3 Rhe1 38. Qxa5 Kg7 39. Qc3+ 1-0

[Event "December 12 Early 2023"]
[Site "https://www.chess.com"]
[Date "2023.12.12"]
[Round "3"]
[White "Valle Luis, Leo"]
[Black "Indjic, Aleksandar"]
[Result "0-1"]
[Board "66"]
[TimeControl "180+1"]
[WhiteFideId "54577187"]
[BlackFideId "911925"]
[WhiteElo "2518"]
[BlackElo "2902"]
[WhiteTeam "ESP"]
[BlackTeam "SRB"]
[WhiteClock "0:00:14"]
[BlackClock "0:00:50"]

1. e4 c5 2. Nf3 e6 3. d4 cxd4 4. Nxd4 a6 5. Bd3 Bc5 6. Nb3 Ba7 7. Qe2 Nc6 8. O-O d6 9. c4 Nf6 10. Nc3 O-O 11. Be3 Qe7 12. Bxa7 Rxa7 13. Rad1 b6 14. f4 Qc7 15. Kh1 Bb7 16. a3 Raa8 17. Qe3 Rfe8 18. Nd2 Nd7 19. Nf3 Rad8 20. b4 Ba8 21. Bb1 Nf8 22. Qd3 Qb8 23. Ng5 h6 24. Nf3 Ne7 25. f5 exf5 26. exf5 Nh7 27. Nd4 Nf6 28. Qg3 Nc6 29. Nd5 Kh7 30. Ne6 Rg8 31. Nxd8 Qxd8 32. Nxf6+ gxf6 33. Qxd6 Qc8 34. Qxf6 Ne5 35. Rd2 Qxc4 36. Re1 Qf4 37. Qxe5 Qxd2 38. f6+ Kh8 39. Qe2 Bxg2+ 40. Kg1 Bf3+ 41. Kf1 Bxe2+ 0-1

[Event "December 12 Early 2023"]
[Site "https://www.chess.com"]
[Date "2023.12.12"]
[Round "3"]
[White "Korchynskyi, Mykola"]
[Black "Baskakov, Egor"]
[Result "1/2-1/2"]
[Board "67"]
[TimeControl "180+1"]
[WhiteFideId "34138005"]
[BlackFideId "24197866"]
[WhiteElo "2518"]
[BlackElo "2899"]
[WhiteTeam "UKR"]
[BlackTeam "RUS"]
[WhiteClock "0:00:11"]
[BlackClock "0:00:16"]

1. d4 Nf6 2. c4 e6 3. Nc3 d5 4. Bg5 Be7 5. e3 Ne4 6. Bxe7 Qxe7 7. cxd5 Nxc3 8. bxc3 exd5 9. Nf3 O-O 10. Bd3 c6 11. O-O Bg4 12. h3 Bh5 13. Qc2 Bxf3 14. gxf3 h6 15. Kh2 Nd7 16. Rg1 Rac8 17. Rg3 Nf6 18. Rag1 Nh5 19. R3g2 c5 20. Qd2 Rc6 21. Bb1 f5 22. a3 Qh4 23. dxc5 Rxc5 24. Qd4 Qxd4 25. cxd4 Ra5 26. Ba2 Kh7 27. Rc1 Rf7 28. Rc8 g6 29. Rg1 Nf6 30. Rd8 Rxa3 31. Bxd5 Nxd5 32. Rxd5 f4 33. Rd6 fxe3 34. fxe3 g5 35. Re6 Rxf3 36. Rc1 Raxe3 37. Rc7+ Kg8 38. Rg6+ Kf8 39. Rxh6 Kg8 40. Rg6+ Kf8 41. Rh6 Kg8 42. Rg6+ Kf8 43. Rh6 1/2-1/2

[Event "December 12 Early 2023"]
[Site "https://www.chess.com"]
[Date "2023.12.12"]
[Round "3"]
[White "Devaev, Alexander"]
[Black "Galchenko, Matvey"]
[Result "0-1"]
[Board "68"]
[TimeControl "180+1"]
[WhiteFideId "4169395"]
[BlackFideId "24175480"]
[WhiteElo "2517"]
[BlackElo "2885"]
[WhiteTeam "RUS"]
[BlackTeam "FID"]
[WhiteClock "0:00:00"]
[BlackClock "0:00:08"]

1. d4 Nf6 2. c4 c5 3. d5 e6 4. Nc3 exd5 5. cxd5 d6 6. e4 g6 7. Nf3 a6 8. h3 b5 9. Qc2 Bg7 10. a4 b4 11. Nb1 Qe7 12. Bd3 Nxd5 13. O-O Nb6 14. Bf4 O-O 15. Nbd2 a5 16. Rfe1 Nc6 17. Bb5 Bb7 18. Rad1 Rad8 19. Re2 Nd4 20. Nxd4 Bxd4 21. Nf3 Bg7 22. b3 h6 23. h4 Qf6 24. Qc1 Kh7 25. e5 dxe5 26. Rxd8 Qxd8 27. Nxe5 Qd5 28. f3 Qxb3 29. Qxc5 Nd5 30. Bg3 Nc3 31. Re1 Qc2 32. Qe7 Bd5 33. h5 Qd2 34. hxg6+ fxg6 35. Bd3 Rf6 36. Nd7 Rf7 37. Bxg6+ Kxg6 38. Ne5+ Bxe5 39. Rxe5 Rxe7 40. Rxe7 Ne2+ 41. Kh2 Nxg3 42. Kxg3 Qg5+ 0-1

[Event "December 12 Early 2023"]
[Site "https://www.chess.com"]
[Date "2023.12.12"]
[Round "3"]
[White "Dubnevych, Maksym"]
[Black "Rakhmanov, Aleksandr"]
[Result "0-1"]
[Board "69"]
[TimeControl "180+1"]
[WhiteFideId "14184001"]
[BlackFideId "4173708"]
[WhiteElo "2516"]
[BlackElo "2877"]
[WhiteTeam "UKR"]
[BlackTeam "FID"]
[WhiteClock "0:00:19"]
[BlackClock "0:00:07"]

1. d4 Nf6 2. Nc3 d5 3. Bf4 c6 4. e3 Bg4 5. f3 Bh5 6. h4 h6 7. Bd3 e6 8. g4 Bg6 9. Bxg6 fxg6 10. Qd3 Kf7 11. Nge2 Nbd7 12. Bg3 Bb4 13. Nf4 Nf8 14. a3 Qa5 15. Ne2 c5 16. dxc5 Bxc5 17. O-O-O Rc8 18. e4 d4 19. Nxd4 Bxa3 20. Nb3 Qxc3 21. bxa3 N8d7 22. Rhf1 Nb6 23. Qxc3 Rxc3 24. Be5 Rcc8 25. Bd4 Nc4 26. Bxf6 Kxf6 27. Rd7 Rhd8 28. g5+ hxg5 29. hxg5+ Kxg5 30. f4+ Kg4 31. Rxg7 Rg8 32. Rxb7 Ne3 33. Rf2 Rh8 34. Nd4 Rh1+ 35. Kd2 Nf1+ 36. Kd3 Rh3+ 37. Ke2 Ng3+ 38. Ke3 Rc3+ 39. Kd2 Nxe4+ 40. Ke1 Rh1+ 41. Rf1 Re3+ 42. Kd1 Rxf1# 0-1

[Event "December 12 Early 2023"]
[Site "https://www.chess.com"]
[Date "2023.12.12"]
[Round "3"]
[White "Kazakouski, Valery"]
[Black "Tulchynskyi, Feliks"]
[Result "1-0"]
[Board "70"]
[TimeControl "180+1"]
[WhiteFideId "13507443"]
[BlackFideId "34127895"]
[WhiteElo "2854"]
[BlackElo "2509"]
[WhiteTeam "LTU"]
[BlackTeam "UKR"]
[WhiteClock "0:00:04"]
[BlackClock "0:00:00"]

1. e4 e6 2. d4 d5 3. Nc3 Nf6 4. e5 Nfd7 5. f4 c5 6. Nf3 Nc6 7. Be3 a6 8. Qd2 cxd4 9. Nxd4 Bc5 10. Be2 Qc7 11. a3 O-O 12. O-O Nxd4 13. Bxd4 Bxd4+ 14. Qxd4 Qb6 15. Qxb6 Nxb6 16. Kf2 Bd7 17. Bd3 Na4 18. Nd1 Rfc8 19. Ke3 Bb5 20. Bxb5 axb5 21. c3 Nc5 22. Nf2 Nb3 23. Rad1 Ra4 24. Rfe1 g6 25. g3 h5 26. Rd3 Kf8 27. Red1 Ke7 28. Nh3 Nc5 29. Rd4 Nb3 30. R4d3 Nc5 31. R3d2 Nb3 32. Rf2 Re4+ 33. Kf3 Rec4 34. Ng5 d4 35. cxd4 Rxd4 36. Rxd4 Nxd4+ 37. Ke3 Nf5+ 38. Kd3 Rc4 39. Nf3 Rc1 40. Rc2 Rd1+ 41. Ke2 Rb1 42. Rc7+ Ke8 43. Rc2 Kd7 44. Rd2+ Ke7 45. Ne1 f6 46. exf6+ Kxf6 47. Nf3 Ne7 48. Nd4 b4 49. axb4 Nd5 50. b5 e5 51. Nf3 e4 52. Ng5 Nb6 53. Nxe4+ Ke6 54. Nc5+ Kf5 55. Nxb7 Nc4 56. Rc2 Nxb2 57. Nd6+ Kg4 58. Ne4 Kf5 59. Nf2 Na4 60. Rc4 Rb2+ 61. Kf1 Nb6 62. Rc5+ 1-0

[Event "December 12 Early 2023"]
[Site "https://www.chess.com"]
[Date "2023.12.12"]
[Round "3"]
[White "Corrales Jimenez, Fidel"]
[Black "Krzywda, Andrzej"]
[Result "1-0"]
[Board "71"]
[TimeControl "180+1"]
[WhiteFideId "3506690"]
[BlackFideId "1114565"]
[WhiteElo "2848"]
[BlackElo "2509"]
[WhiteTeam "USA"]
[BlackTeam "POL"]
[WhiteClock "0:01:14"]
[BlackClock "0:01:18"]

1. e4 e5 2. Nf3 Nf6 3. Nc3 Bb4 4. Nxe5 O-O 5. Be2 Re8 6. Nf3 Nxe4 7. O-O d5 8. a3 Bf8 9. d3 Nxc3 10. bxc3 c5 11. h3 Nc6 12. a4 h6 13. Re1 g6 14. Bf4 Bg7 15. Qd2 Kh7 16. d4 c4 17. Bf1 Rxe1 18. Rxe1 Qa5 19. Re8 Qxa4 20. Bxh6 Nxd4 21. Bxg7 Nxf3+ 22. gxf3 Kxg7 23. Qd4+ f6 24. Re7+ Kh6 25. Qh4# 1-0

[Event "December 12 Early 2023"]
[Site "https://www.chess.com"]
[Date "2023.12.12"]
[Round "3"]
[White "Herman, Matthew"]
[Black "Putnam, Liam"]
[Result "0-1"]
[Board "72"]
[TimeControl "180+1"]
[WhiteFideId "2028964"]
[BlackFideId "30938279"]
[WhiteElo "2508"]
[BlackElo "2837"]
[WhiteTeam "USA"]
[BlackTeam "USA"]
[WhiteClock "0:00:04"]
[BlackClock "0:00:46"]

1. e4 c6 2. d4 d5 3. e5 c5 4. dxc5 e6 5. Nd2 Bxc5 6. Nb3 Bb6 7. Qg4 Kf8 8. Bd3 Nc6 9. Qe2 Nge7 10. Nf3 Ng6 11. O-O Bc7 12. Bxg6 hxg6 13. Bf4 Rh5 14. Bg3 b6 15. Nbd4 Bb7 16. Nxc6 Bxc6 17. Nd4 Bd7 18. f4 Rc8 19. Bf2 Kg8 20. g3 Rb8 21. a4 Qe7 22. c3 Bd8 23. h4 Rc8 24. Rfc1 Rc4 25. b3 Rc8 26. c4 dxc4 27. Rxc4 Rc5 28. Nb5 Rxb5 29. axb5 Bxb5 30. Rd1 Bxc4 31. Qxc4 Rh8 32. Qc8 Kh7 33. Rd7 Qe8 34. Qb7 Rf8 35. Qxa7 b5 36. Bc5 Rg8 37. Rxf7 Qc6 38. Kf2 Qe4 39. Bf8 Qc2+ 40. Kf3 Qc6+ 41. Kf2 Bb6+ 0-1

[Event "December 12 Early 2023"]
[Site "https://www.chess.com"]
[Date "2023.12.12"]
[Round "3"]
[White "Chernomordik, Pavel"]
[Black "Finek, Vaclav"]
[Result "0-1"]
[Board "73"]
[TimeControl "180+1"]
[WhiteFideId "2804530"]
[BlackFideId "23718293"]
[WhiteElo "2508"]
[BlackElo "2834"]
[WhiteTeam "ISR"]
[BlackTeam "CZE"]
[WhiteClock "0:00:00"]
[BlackClock "0:00:10"]

1. e4 c5 2. Nc3 Nc6 3. Bb5 Nd4 4. Bc4 a6 5. a3 b5 6. Ba2 e6 7. Nge2 Bb7 8. d3 g6 9. Nxd4 cxd4 10. Ne2 Bg7 11. O-O Ne7 12. f4 O-O 13. Ng3 f5 14. Bd2 Kh8 15. Qe1 Rc8 16. Rc1 fxe4 17. dxe4 Qb6 18. Kh1 Rfe8 19. Qf2 d5 20. Rfe1 dxe4 21. Nxe4 Nf5 22. Ng5 Ne3 23. Rxe3 dxe3 24. Bxe3 Qc6 25. c3 h6 26. Nf3 Rf8 27. Qh4 Qe4 28. Re1 Qc2 29. Bb1 Qxb2 30. Bxg6 Bxf3 31. gxf3 Qxc3 32. f5 Qf6 33. Qh5 Qc3 34. Re2 Qd3 35. f4 Qe4+ 36. Kg1 exf5 37. Bf2 Rc1+ 38. Be1 Rxe1+ 39. Rxe1 Qxe1+ 40. Kg2 Qe4+ 41. Kg3 Qe3+ 42. Kg2 Qxf4 0-1

[Event "December 12 Early 2023"]
[Site "https://www.chess.com"]
[Date "2023.12.12"]
[Round "3"]
[White "Yeremyan, Alen"]
[Black "Shinkarev, M"]
[Result "1-0"]
[Board "74"]
[TimeControl "180+1"]
[WhiteFideId "13308998"]
[BlackFideId "4145348"]
[WhiteElo "2821"]
[BlackElo "2506"]
[WhiteTeam "ARM"]
[BlackTeam "RUS"]
[WhiteClock "0:02:19"]
[BlackClock "0:00:25"]

1. e4 e5 2. Nf3 d6 3. d4 Nd7 4. Nc3 c6 5. Bc4 Be7 6. O-O Ngf6 7. Bxf7+ Kxf7 8. Ng5+ Kg8 9. Ne6 Qe8 10. Nc7 Qd8 11. Nxa8 b6 12. dxe5 dxe5 13. Bg5 Bb7 14. Bxf6 Bxf6 15. Qd6 Qc8 16. Nc7 Nc5 17. Rad1 a5 18. a3 a4 19. b4 axb3 20. cxb3 Nxb3 21. Rb1 Nd4 22. Rxb6 Bd8 23. Rxb7 1-0

[Event "December 12 Early 2023"]
[Site "https://www.chess.com"]
[Date "2023.12.12"]
[Round "3"]
[White "Koelle, Tobias"]
[Black "Grutter, Tim"]
[Result "1-0"]
[Board "75"]
[TimeControl "180+1"]
[WhiteFideId "16207378"]
[BlackFideId "1057472"]
[WhiteElo "2821"]
[BlackElo "2505"]
[WhiteTeam "GER"]
[BlackTeam "NED"]
[WhiteClock "0:00:34"]
[BlackClock "0:00:00"]

1. Nf3 Nc6 2. d4 d6 3. d5 Nb8 4. e4 Nf6 5. Bd3 e5 6. c4 a5 7. Nc3 Na6 8. Be3 Ng4 9. Bd2 Nc5 10. Bc2 Be7 11. Qe2 O-O 12. h3 Nf6 13. g4 Nfd7 14. O-O-O a4 15. Kb1 Nb8 16. Rdg1 Nba6 17. a3 Nb3 18. Be3 Nac5 19. h4 b6 20. h5 Ba6 21. g5 Na5 22. Nb5 Qd7 23. Bxc5 Nxc4 24. Qxc4 Bxb5 25. Qc3 bxc5 26. Nh4 Qd8 27. Qg3 Bd7 28. Nf5 Bxf5 29. exf5 f6 30. h6 fxg5 31. hxg7 Rf7 32. Rxh7 Rxg7 33. Rh5 Bf6 34. Rgh1 Kf7 35. Qg4 e4 36. Qxe4 Qe7 37. Qe6+ Qxe6 38. fxe6+ Ke7 39. Rh8 Rgg8 40. Rxg8 Rxg8 41. Bxa4 Rb8 42. Rh7+ Kd8 43. e7+ Bxe7 44. Rh8+ 1-0